 Dungeon Crawl Stone Soup version 0.18.1-8-gdd0e5ea (webtiles) character file.

863 sveltemanboy the Poker (level 8, -5/57 HPs)
             Began as a Hill Orc Fighter on May 26, 2016.
             Was a Follower of Beogh.
             Slain by Rationalist's ghost (11 damage)
             ... on level 5 of the Dungeon.
             The game lasted 00:10:01 (4267 turns).

sveltemanboy the Poker (Hill Orc Fighter)           Turns: 4267, Time: 00:10:02

Health: -5/57      AC:  8    Str: 21    XL:     8   Next: 3%
Magic:  8/8        EV: 10    Int: 12    God:    Beogh [*.....]
Gold:   191        SH:  0    Dex:  8    Spells: 0 memorised, 7 levels left

rFire  + + +     SeeInvis .     a - +0 halberd
rCold  + . .     Gourm    .     b - +0 scale mail
rNeg   . . .     Faith    .     (shield currently unavailable)
rPois  +         Spirit   .     (no helmet)
rElec  +         Dismiss  .     (no cloak)
rCorr  +         Reflect  .     (no gloves)
SustAt .         Harm     .     (no boots)
MR     .....     Clarity  +     (no amulet)
Stlth  ..........               g - ring of protection from fire
                                j - +2 ring of intelligence

@: resistant, very slightly contaminated, hasted, very quick, not resistant to
hostile enchantments, extremely unstealthy
A: blurry vision 1, clarity, clever 1, clumsy 1, fire resistance 1, frail 1,
slow regeneration 1
a: Renounce Religion


You were on level 5 of the Dungeon.
You worshipped Beogh.
Beogh was aware of your devotion.
You were not hungry.

You visited 1 branch of the dungeon, and saw 5 of its levels.

You collected 191 gold pieces.

Inventory:

Hand Weapons
 a - a +0 halberd (weapon)
Missiles
 n - a throwing net (quivered)
Armour
 b - a +0 scale mail (worn)
Jewellery
 g - a ring of protection from fire (right hand)
 j - a +2 ring of intelligence (left hand)
Wands
 c - a wand of slowing (8/48)
 p - a wand of disintegration (3/24)
 s - a wand of flame (2/48)
Scrolls
 d - a scroll of recharging {unknown}
 e - a scroll of teleportation
 i - a scroll of immolation {unknown}
 k - 3 scrolls of remove curse
 l - 2 scrolls of fog {unknown}
 m - a scroll of blinking
 o - 5 scrolls of identify {unknown}
 t - a scroll of random uselessness {unknown}
 u - 4 scrolls of amnesia {unknown}
Comestibles
 f - 7 bread rations
 r - 5 chunks of flesh
 v - a slice of pizza


   Skills:
 - Level 3.6 Fighting
 * Level 6.8 Polearms
 + Level 6.1 Armour
 - Level 3.3 Dodging
   Level 3.2 Shields
 + Level 0.6 Invocations


You had 7 spell levels left.
You didn't know any spells.

Dungeon Overview and Level Annotations

Branches:
Dungeon (5/15)             Temple (0/1) D:5

Altars:
Makhleb
Ru
Vehumet

Portals:
Abyss: D:1***

Annotations:
D:5 Rationalist's ghost, novice DsBe


Innate Abilities, Weirdness & Mutations

Scrolls take you a little longer to read.
You possess an exceptional clarity of mind.
Your mind is acute. (Int +2)
You are clumsy. (Dex -2)
Your flesh is heat resistant.
You are frail (-10% HP).
You regenerate slowly when monsters are visible.


Message History

You hit Rationalist's ghost.
Rationalist's ghost is almost destroyed.
Rationalist's ghost hits you but does no damage.
You hit Rationalist's ghost.
Rationalist's ghost is almost destroyed.
Rationalist's ghost hits you!
* * * LOW HITPOINT WARNING * * *
You are too injured to fight recklessly!
You are too injured to fight recklessly!
You are too injured to fight recklessly!
You are too injured to fight recklessly!
You are too injured to fight recklessly!
You miss Rationalist's ghost.
Rationalist's ghost is almost destroyed.
Rationalist's ghost hits you!
* * * LOW HITPOINT WARNING * * *
You closely miss Rationalist's ghost.
Rationalist's ghost is almost destroyed.
Rationalist's ghost hits you!
You die...

#............
#............
#.......<.....
##########...##.....o
#........#...##......
#........'....#...W..
#........#....#......
#........#....#.. ..
#####........###@##.# .
...#######.....#W##.######
....# #.....#{o.........
....# #.....#oo.........
....# #>....#...........
<...# #.....#....##.....
....# #.....#....# .....
)...# #.....###### ####
#)########.....#


You could see Rationalist's ghost and 3 orcs.

Vanquished Creatures
  The ghost of Nanban the Caller, an amateur TrSu (D:4)
  A sky beast (D:5)
  A necrophage (D:5)
  A centaur (D:5)
  A crimson imp (D:4)
  A hound (D:4)
  2 orc priests
  2 orc wizards
  A worker ant (D:5)
  5 gnolls (D:5)
  4 adders
  A shadow imp (D:5)
  An ooze (D:3)
  3 worms
  2 adder skeletons
  An adder zombie (D:5)
  A dart slug (D:2)
  10 orcs
  3 bats
  5 giant cockroaches
  3 goblins
  8 hobgoblins
  A jackal (D:3)
  5 kobolds
  4 quokkas
  5 giant newts
  A quokka skeleton (D:4)
  5 rats (D:1)
79 creatures vanquished.

Vanquished Creatures (others)
  An adder (D:3)
  A rat (D:3)
2 creatures vanquished.

Grand Total: 81 creatures vanquished

Notes
Turn   | Place    | Note
--------------------------------------------------------------
     0 | D:1      | sveltemanboy the Hill Orc Fighter began the quest for the Orb.
     0 | D:1      | Reached XP level 1. HP: 19/19 MP: 1/1
   167 | D:1      | Reached XP level 2. HP: 26/26 MP: 2/2
   690 | D:2      | Reached XP level 3. HP: 31/31 MP: 3/3
   808 | D:2      | Reached skill level 1 in Dodging
  1494 | D:3      | Became a worshipper of Beogh the Brigand
  1686 | D:3      | Reached XP level 4. HP: 39/39 MP: 4/4
  2539 | D:4      | Reached XP level 5. HP: 40/45 MP: 5/5
  2714 | D:4      | Noticed Nanban's ghost (amateur TrSu)
  2755 | D:4      | Killed Nanban's ghost
  2755 | D:4      | Reached skill level 5 in Polearms
  2755 | D:4      | Reached skill level 5 in Armour
  2755 | D:4      | Reached XP level 6. HP: 31/51 MP: 6/6
  3063 | D:4      | Found a radiant altar of Vehumet.
  3063 | D:4      | Found a burning altar of Makhleb.
  3200 | D:4      | Reached XP level 7. HP: 52/57 MP: 7/7
  3370 | D:5      | Entered Level 5 of the Dungeon
  3399 | D:5      | Gained mutation: Scrolls take you a little longer to read. [mutagenic meat]
  3400 | D:5      | Gained mutation: You are frail (-10% HP). [mutagenic meat]
  3401 | D:5      | Gained mutation: You regenerate slowly when monsters are visible. [mutagenic meat]
  3404 | D:5      | Gained mutation: You possess an exceptional clarity of mind. [mutagenic meat]
  3407 | D:5      | Gained mutation: Your flesh is heat resistant. [potion of mutation]
  3407 | D:5      | Gained mutation: Your mind is acute. (Int +2) [potion of mutation]
  3484 | D:5      | Reached * piety under Beogh
  3489 | D:5      | Gained mutation: You are clumsy. (Dex -2) [potion of mutation]
  4082 | D:5      | Found a sacrificial altar of Ru.
  4139 | D:5      | Reached XP level 8. HP: 57/57 MP: 8/8
  4187 | D:5      | Found a staircase to the Ecumenical Temple.
  4233 | D:5      | Noticed Rationalist's ghost (novice DsBe)
  4267 | D:5      | Slain by Rationalist's ghost

Skill      XL: |  1  2  3  4  5  6  7 |
---------------+----------------------+-----
Dodging        | 1 2 3 |  3.3
Armour         | 4 5 6 |  6.1
Polearms       | 3 4 5 6 |  6.8
Fighting       | |  3.6
Shields        | |  3.2
Invocations    | |  0.6

Action                   |  1- 3 |  4- 6 |  7- 9 || total
-------------------------+-------+-------+-------++-------
Melee: Trident           |   132 |   179 |    48 ||   359
       Halberd           |       |       |    88 ||    88
Throw: Throwing net      |       |       |     1 ||     1
Invok: Convert to Beogh  |     1 |       |       ||     1
Evoke: Wand              |       |     6 |     2 ||     8
  Use: Potion            |       |     9 |     8 ||    17
       Scroll            |       |     3 |       ||     3
  Eat: Chunk             |     2 |     3 |    10 ||    15
       Beef jerky        |       |     1 |       ||     1
       Pizza             |       |       |     1 ||     1
Armor: Scale mail        |    39 |    62 |    43 ||   144
       Skin              |       |    16 |       ||    16
Dodge: Dodged            |    47 |    50 |    39 ||   136
